 Dungeon Crawl Stone Soup version 0.28.0-47-ge53b351184 (webtiles) character file.

Game seed: 10412516685391593149

35434 Peloso the Protected (level 13, -23/116 HPs)
             Began as a Minotaur Fighter on May 5, 2022.
             Was the Champion of Okawaru.
             Annihilated by a boulder beetle (38 damage)
             ... on level 12 of the Dungeon.
             The game lasted 00:34:39 (18769 turns).

Peloso the Protected (Minotaur Fighter)            Turns: 18769, Time: 00:34:39

Health: -23/116    AC: 16    Str: 28    XL:     13   Next: 47%
Magic:  0/13       EV:  8    Int:  5    God:    Okawaru [******]
Gold:   916        SH: 12    Dex: 14    Spells: 12/12 levels left

rFire   . . .      SeeInvis .   b - +1 scimitar (flame)
rCold   . . .      Faith    .   i - +0 kite shield
rNeg    . . .      Spirit   +   m - +0 plate armour
rPois   .          Reflect  .   (helmet restricted)
rElec   .          Harm     .   (no cloak)
rCorr   +          Rampage  .   (no gloves)
Will    .....                   (no boots)
Stlth   ..........              u - amulet of guardian spirit
HPRegen 0.29/turn               o - ring of resist corrosion
MPRegen 0.13/turn               I - +6 ring of strength

@: no status effects
A: horns 2, retaliatory headbutt
a: Renounce Religion, Heroism, Finesse, Duel


You were on level 12 of the Dungeon.
You worshipped Okawaru.
Okawaru was exalted by your worship.
You visited 2 branches of the dungeon, and saw 15 of its levels.

You collected 916 gold pieces.

Inventory:

Hand Weapons
 a - the +5 trident "Tin Owyuj" {vamp, rPois Stlth+}
   (You found it on level 6 of the Dungeon)

   It occasionally heals its wielder for a portion of the damage dealt when it
   wounds a living foe.
   rPois:     It protects you from poison.
   Stlth:     It makes you more stealthy.
 b - a +1 scimitar of flaming (weapon)
 c - a +2 scimitar of freezing
 n - a +0 hand crossbow
 y - a +1 demon whip of electrocution
Missiles
 F - a throwing net (quivered)
Armour
 i - a +0 kite shield (worn)
 m - a +0 plate armour (worn)
 K - +0 swamp dragon scales
 N - the +1 scale mail "Kunuhim" {Will+}
   (Okawaru gifted it to you on level 1 of the Lair of Beasts)

   Will:      It increases your willpower.
 O - a +0 cloak
Jewellery
 o - a ring of resist corrosion (left hand)
 u - an amulet of guardian spirit (around neck)
 I - a +6 ring of strength (right hand)
 P - a ring of poison resistance
Wands
 r - a wand of iceblast (1)
 s - a wand of flame (16)
 G - a wand of mindburst (1)
 H - a wand of polymorph (7)
 L - a wand of acid (2)
 M - a wand of paralysis (4)
 R - a wand of digging (8)
Scrolls
 e - 2 scrolls of immolation
 f - 3 scrolls of teleportation
 h - 2 scrolls of amnesia
 j - 3 scrolls of enchant weapon
 k - 3 scrolls of silence
 q - a scroll of vulnerability
 B - 2 scrolls of fear
 J - a scroll of summoning
 Q - a scroll of identify
 T - a scroll of noise
Potions
 g - 2 potions of attraction {unknown}
 l - 2 potions of brilliance
 p - 2 potions of curing
 v - 3 potions of cancellation
 w - 3 potions of mutation
 z - a potion of ambrosia
 A - 2 potions of haste
 D - 3 potions of flight {unknown}
 S - a potion of magic {unknown}


   Skills:
 + Level 11.4 Fighting
 + Level 14.3 Long Blades
 + Level 6.2 Maces & Flails
 + Level 5.1 Polearms
 + Level 14.4 Armour
 + Level 3.2 Dodging
 + Level 1.8 Stealth
 + Level 13.3 Shields
 + Level 2.6 Invocations
 + Level 1.2 Evocations


You had 12 spell levels left.
You didn't know any spells.
Your spell library contained the following spells:

 Spells                   Type           Power      Damage    Failure   Level
 Apportation              Tloc           0%         N/A       100%        1
 Beastly Appendage        Tmut           0%         N/A       100%        1
 Sandblast                Erth           0%         2d4       100%        1
 Ensorcelled Hibernation  Hex/Ice        0%         N/A       100%        2
 Passwall                 Tmut/Erth      0%         N/A       100%        2
 Scorch                   Fire           0%         2d5       100%        2
 Wereblood                Tmut           0%         N/A       100%        2
 Portal Projectile        Hex/Tloc       0%         N/A       100%        3
 Spider Form              Tmut/Pois      0%         N/A       100%        3
 Stone Arrow              Conj/Erth      0%         3d7       100%        3
 Swiftness                Air            0%         N/A       100%        3
 Flame Wave               Conj/Fire      0%         2d4       100%        4
 Leda's Liquefaction      Hex/Erth       0%         N/A       100%        4
 Passage of Golubria      Tloc           0%         N/A       100%        4
 Alistair's Intoxication  Tmut/Pois      0%         N/A       100%        5
 Borgnjor's Vile Clutch   Necr/Erth      0%         N/A       100%        5
 Yara's Violent Unravell  Hex/Tmut       0%         3d3       100%        5
 Eringya's Noxious Bog    Tmut/Pois      0%         N/A       100%        6
 Call Canine Familiar     Summ           Unusable   N/A       N/A         3
 Tukima's Dance           Hex            Unusable   N/A       N/A         3
 Summon Cactus Giant      Summ           Unusable   N/A       N/A         6

Dungeon Overview and Level Annotations

Branches:
Dungeon (12/15)            Temple (0/1) D:6            Lair (3/6) D:11
 Shoals (0/4) Lair:3          Orc (0/2) D:12
  Snake: Lair:2-4    Spider: Lair:2-4

Altars:
Ashenzari
Elyvilon
Fedhas
Makhleb
Nemelex Xobeh
Okawaru
Qazlal
Wu Jian
Yredelemnul
Beogh

Shops:
D:5 =   D:7 *   D:11 =

Annotations:
Lair:3 2 transporters, Kubamp's ghost, journeyman DEAE


Innate Abilities, Weirdness & Mutations

You have a pair of horns on your head.
You reflexively headbutt those who attack you in melee.


Message History

The seven-headed hydra bites you but does no damage.
You block the seven-headed hydra's attack. x3
The seven-headed hydra bites you.
The seven-headed hydra bites you but does no damage. x2
You lop one of the seven-headed hydra's heads off!
The flame cauterises the wound!
You slash the six-headed hydra! You burn the six-headed hydra.
You headbutt the six-headed hydra, but do no damage.
The six-headed hydra is lightly wounded.
You slice one of the six-headed hydra's heads off!
The flame cauterises the wound!
You slice the five-headed hydra!! You burn the five-headed hydra.
The five-headed hydra is heavily wounded.
The five-headed hydra bites you but does no damage. x2
The five-headed hydra barely misses you.
The five-headed hydra bites you.
* * * LOW HITPOINT WARNING * * *
The five-headed hydra barely misses you.
You barely miss the five-headed hydra.
The five-headed hydra is heavily wounded.
The five-headed hydra bites you.
* * * LOW HITPOINT WARNING * * *
The five-headed hydra bites you.
* * * LOW HITPOINT WARNING * * *
The five-headed hydra bites you!
* * * LOW HITPOINT WARNING * * *
The five-headed hydra bites you.
* * * LOW HITPOINT WARNING * * *
The five-headed hydra bites you.
* * * LOW HITPOINT WARNING * * *
You lop one of the five-headed hydra's heads off!
The flame cauterises the wound!
You slice the four-headed hydra!! You burn the four-headed hydra!
You kill the four-headed hydra!
Okawaru accepts your kill.
Unknown command.
The boulder beetle curls into a ball and begins rolling!
You hear the crackling of a melting archway very nearby.
The boulder beetle hits you!!!
You die...

.....!.....#..............##
..........##....#...#......#
.......#..###..#####......##
#.....#..####.# #.#..!.####
.###..........##.###.)....#..#
..#.......<..###..##)).......#
.........#...........#......##
........##..................#
...........°°○○B@..........##
#....(.....................#
#.........................##
#........).................[
##................##########.
###...#..........# #
#....#..........#
.................#
.....##...........#


You could see a boulder beetle (rolling).

Vanquished Creatures
  Josephine (D:12)
  6 hydras
  4 two-headed ogres
  Urug (Lair:2)
  Sonja (Lair:3)
  A skeletal warrior (D:12)
  An ugly thing (D:11)
  2 orc knights
  A cyclops (D:10)
  5 manticores
  Maurice (D:9)
  2 black mambas
  4 elephants (Lair:3)
  A gargoyle (D:10)
  Maggie (D:9)
  7 cane toads
  2 unseen horrors
  An efreet (D:11)
  3 komodo dragons
  2 polar bears
  4 trolls (D:11)
  2 hornets (D:8)
  Prince Ribbit (D:9)
  7 blink frogs
  Sigmund (D:3)
  4 wyverns
  3 shadows
  5 wraiths
  29 yaks
  A vampire (D:10)
  A basilisk (Lair:1)
  7 vampire mosquitoes
  2 steam dragons
  An acid dragon (D:9)
  9 water moccasins
  A sky beast (D:5)
  3 black bears
  A hornet zombie (D:6)
  5 orc warriors
  An ice beast (D:7)
  A necrophage (D:5)
  4 centaurs
  An ogre (D:6)
  6 wolves (Lair:1)
  A kobold brigand (D:9)
  10 bullfrogs
  2 gnoll sergeants
  A scorpion (D:5)
  5 wights (D:7)
  3 howler monkeys
  4 centaur zombies
  A bullfrog zombie (D:5)
  3 hounds
  6 orc priests
  A jelly (D:5)
  Jessica (D:3)
  2 centaur skeletons (D:6)
  6 iguanas
  Ijyb (D:4)
  11 orc wizards
  A killer bee zombie (D:7)
  A hound zombie (D:5)
  A hound skeleton (D:4)
  A howler monkey zombie (D:7)
  11 gnolls
  2 howler monkey skeletons
  4 adders
  2 shadow imps
  A white imp (D:5)
  An ufetubus (D:6)
  An adder skeleton (D:4)
  A worm (D:2)
  4 dart slugs (D:3)
  54 orcs
  4 endoplasms
  7 giant cockroaches
  7 goblins
  4 hobgoblins
  11 kobolds
  2 quokkas
  6 ball pythons
  A bat (D:1)
  2 frilled lizards (D:3)
  3 rats
337 creatures vanquished.

Vanquished Creatures (others)
  57 fungi
  65 plants
122 creatures vanquished.

Grand Total: 459 creatures vanquished

Notes
Turn   | Place    | Note
-------+----------+-------------------------------------------
     0 | D:1      | Peloso the Minotaur Fighter began the quest for the Orb.
     0 | D:1      | Reached XP level 1. HP: 19/19 MP: 0/0
   332 | D:1      | Reached XP level 2. HP: 27/27 MP: 1/1
   811 | D:1      | Found a faded altar of an unknown god.
  1705 | D:3      | Noticed Sigmund
  1716 | D:3      | Killed Sigmund
  1717 | D:3      | Reached XP level 3. HP: 30/34 MP: 2/2
  1717 | D:3      | Reached XP level 4. HP: 36/41 MP: 3/3
  1717 | D:3      | Reached XP level 5. HP: 42/47 MP: 4/4
  1963 | D:3      | Reached skill level 5 in Armour
  2204 | D:3      | Noticed Jessica
  2212 | D:3      | Killed Jessica
  2722 | D:4      | Reached skill level 1 in Maces & Flails
  2810 | D:4      | Reached XP level 6. HP: 53/53 MP: 5/5
  2908 | D:4      | Reached skill level 1 in Dodging
  3020 | D:4      | Noticed Ijyb
  3029 | D:4      | Killed Ijyb
  3399 | D:4      | Found a basalt altar of Yredelemnul.
  3805 | D:5      | Entered Level 5 of the Dungeon
  3824 | D:5      | Reached XP level 7. HP: 58/60 MP: 6/6
  3916 | D:5      | Reached skill level 5 in Maces & Flails
  3992 | D:5      | Reached skill level 5 in Fighting
  3992 | D:5      | Reached skill level 5 in Long Blades
  4189 | D:5      | Found Qikopatz's Jewellery Shop.
  4312 | D:5      | Found a sparkling altar of Nemelex Xobeh.
  4381 | D:5      | Reached XP level 8. HP: 68/68 MP: 7/7
  4422 | D:5      | Found an iron altar of Okawaru.
  4430 | D:5      | Became a worshipper of Warmaster Okawaru
  4651 | D:6      | Identified the +5 trident "Tin Owyuj" {vamp, rPois Stlth+}
  4992 | D:6      | Found a staircase to the Ecumenical Temple.
  5008 | D:6      | Identified the +7 quarterstaff of the Unspeakable One
                  | {drain, rF+ rC- Str+3}
  5042 | D:6      | Reached * piety under Okawaru
  5097 | D:6      | Reached skill level 1 in Polearms
  5594 | D:7      | Found a broken altar of Ashenzari.
  5606 | D:7      | Found Filagrag's CLEARANCE SALE!.
  5619 | D:7      | Found a burning altar of Makhleb.
  5647 | D:7      | Reached skill level 5 in Shields
  5992 | D:7      | Found a stormy altar of Qazlal.
  6386 | D:7      | Reached XP level 9. HP: 47/75 MP: 5/8
  6398 | D:7      | Reached ** piety under Okawaru
  7186 | D:8      | Noticed a two-headed ogre
  7242 | D:7      | Killed a two-headed ogre
  7398 | D:8      | Paralysed by a hornet for 1 turns
  7403 | D:8      | Reached skill level 5 in Polearms
  8102 | D:9      | Reached *** piety under Okawaru
  8177 | D:9      | Found an ornate altar of the Wu Jian Council.
  8191 | D:9      | Noticed a two-headed ogre
  8200 | D:9      | Killed a two-headed ogre
  8201 | D:9      | Reached skill level 1 in Invocations
  8201 | D:9      | Reached XP level 10. HP: 72/86 MP: 5/9
  8407 | D:9      | Noticed Maurice
  8429 | D:9      | Killed Maurice
  8439 | D:9      | Reached skill level 10 in Armour
  8649 | D:9      | Found a blossoming altar of Fedhas.
  8910 | D:9      | Noticed Prince Ribbit
  8932 | D:9      | Killed Prince Ribbit
  9008 | D:9      | Noticed Maggie
  9017 | D:9      | Killed Maggie
  9017 | D:9      | Reached **** piety under Okawaru
  9494 | D:10     | Entered Level 10 of the Dungeon
  9594 | D:10     | Reached skill level 10 in Long Blades
 10062 | D:10     | Reached ***** piety under Okawaru
 10134 | D:10     | Found a white marble altar of Elyvilon.
 10193 | D:10     | Reached XP level 11. HP: 70/95 MP: 8/11
 10197 | D:10     | Reached skill level 1 in Stealth
 11035 | D:11     | Noticed a two-headed ogre
 11054 | D:11     | Killed a two-headed ogre
 11247 | D:11     | Received a gift from Okawaru
 11256 | D:11     | Noticed an orc knight
 11479 | D:11     | Killed an orc knight
 11804 | D:11     | Noticed a cyan ugly thing
 11819 | D:11     | Killed a cyan ugly thing
 12468 | D:11     | Found a broken altar of Ashenzari.
 12874 | D:11     | Noticed a two-headed ogre
 12880 | D:11     | Killed a two-headed ogre
 12880 | D:11     | Received a gift from Okawaru
 12953 | D:11     | Reached skill level 10 in Shields
 13206 | D:11     | Found a staircase to the Lair.
 13216 | D:11     | Reached XP level 12. HP: 106/106 MP: 12/12
 13233 | D:11     | Reached skill level 10 in Fighting
 13490 | Lair:1   | Entered Level 1 of the Lair of Beasts
 14016 | Lair:1   | Noticed a five-headed hydra
 14190 | Lair:1   | Killed a one-headed hydra
 14582 | Lair:1   | Noticed a five-headed hydra
 14594 | Lair:1   | Reached ****** piety under Okawaru
 14603 | Lair:1   | Identified the +1 scale mail "Kunuhim" {Will+} (Okawaru
                  | gifted it to you on level 1 of the Lair of Beasts)
 14603 | Lair:1   | Received a gift from Okawaru
 14639 | Lair:1   | Noticed an eight-headed hydra
 14646 | Lair:1   | Killed a one-headed hydra
 14651 | Lair:1   | Killed a five-headed hydra
 15531 | Lair:2   | Noticed a seven-headed hydra
 15540 | Lair:2   | Killed a four-headed hydra
 15996 | Lair:2   | Noticed Urug
 16034 | Lair:2   | Killed Urug
 16990 | Lair:3   | Noticed a six-headed hydra
 16996 | Lair:3   | Noticed Kubamp's ghost (journeyman DEAE)
 16998 | Lair:3   | Found a transporter.
 17011 | Lair:3   | Found a transporter.
 17041 | Lair:3   | Found a staircase to the Shoals.
 17062 | Lair:3   | Reached XP level 13. HP: 101/115 MP: 11/13
 17289 | Lair:3   | Noticed Sonja
 17292 | Lair:3   | Killed Sonja
 17506 | Lair:3   | Reached skill level 1 in Evocations
 18278 | D:11     | Found Ovup Oda's Jewellery Emporium.
 18496 | D:12     | Found a staircase to the Orcish Mines.
 18564 | D:12     | Noticed Josephine
 18579 | D:12     | Killed Josephine
 18703 | D:12     | HP: 5/116 [howler monkey (3)]
 18769 | D:12     | Annihilated by a boulder beetle

Illustrated notes

Levels and vault maps discovered:
D:1:      minmay_arrival_stair_chambers, layout_basic,
          shapermc_ecumenical_altar_hornbeckon
D:2:      layout_loops_cross
D:3:      layout_loops_ring, minmay_misc_feat_more_columns,
          hangedman_decor_push, chequers_serial_rivers_room_a,
          nrook_mini_vaults, uniq_jessica, uniq_sigmund
D:4:      layout_cave_pods, mainiacjoe_overflow_alcove_4,
          minmay_misc_feat_four_crosses, uniq_ijyb
D:5:      layout_loops_ring, okawaru_metal_pillars_1_2,
          nemelex_xobeh_ov_fountains_minmay, serial_shops, shop
D:6:      layout_rooms, minmay_temple_entry_offerings, kennysheep_donut,
          grunt_decor_mini_mirrors
D:7:      layout_cave_pools, gammafunk_temple_overflow_forgotten,
          minmay_misc_feat_alley, nicolae_shop_clearance
D:8:      layout_cave_pools, lemuel_flame_loot_1
D:9:      layout_basic, nicolae_wu_jian_wuxing_cycle, fedhas_altar_1,
          uniq_prince_ribbit1, uniq_maurice, uniq_maggie
D:10:     layout_long_grid, elyvilon_altar_1
D:11:     cheibrodos_fzero, layout_small_grid, due_lair_maze_entry_diamond,
          serial_shops, nicolae_shop_waterfront, ashenzari_conservatory_becter
D:12:     layout_cave_pools, david_orc_5, portal_ice_cave_demonic_guard,
          uniq_josephine
Lair:1:   layout_misc_corridors, st_stairs_4
Lair:2:   layout_regular_city, chequers_serial_rivers_room_a,
          grunt_forest_small_clearings, grunt_megastairs_4,
          serial_bayou_shore_b, uniq_urug
Lair:3:   layout_long_grid, shoals_dummy_entry, gammafunk_ghost_arena,
          uniq_sonja

Skill      XL: |  1  2  3  4  5  6  7  8  9 10 11 12 13 |
---------------+----------------------------------------+-----
Long Blades    | 4 5 7 8 10 12 13 14 | 14.3
Shields        | 4 5 7 8 10 12 13 | 13.3
Fighting       | 4 5 6 7 8 9 10 11 | 11.4
Armour         | 4 5 6 7 9 10 12 13 14 | 14.4
Maces & Flails | 1 4 6 |  6.2
Dodging        | 1 3 |  3.2
Polearms       | 3 5 |  5.1
Invocations    | 1 2 |  2.6
Stealth        | 1 |  1.8
Evocations     | 1 |  1.2

Action                   |  1- 3 |  4- 6 |  7- 9 | 10-12 | 13-15 || total
-------------------------+-------+-------+-------+-------+-------++-------
Melee: Long sword        |    32 |       |       |       |       ||    32
       Headbutt          |     3 |    16 |    53 |   126 |    39 ||   237
       Demon whip        |     7 |    96 |       |       |       ||   103
       Scimitar          |       |     5 |   150 |   534 |   184 ||   873
       Trident           |       |       |   102 |       |       ||   102
Throw: Throwing net      |       |       |       |       |     1 ||     1
Invok: Heroism           |       |       |     6 |    18 |    10 ||    34
Evoke: Wand              |       |       |       |     4 |     9 ||    13
  Use: Scroll            |       |     4 |     4 |     6 |     9 ||    23
       Potion            |       |       |     1 |     4 |     8 ||    13
Armor: Scale mail        |    22 |     1 |       |       |       ||    23
       Plate armour      |       |    63 |   183 |   311 |   122 ||   679
Dodge: Dodged            |    18 |    25 |    87 |   218 |    62 ||   410
Block: Buckler           |     4 |    12 |    60 |       |       ||    76
       Kite shield       |       |       |    36 |   413 |   131 ||   580
